 Dungeon Crawl Stone Soup version 0.18.1-48-g4cf74bf (webtiles) character file.

4648 kobby the Blocker (level 10, -17/77 HPs)
             Began as a Human Fighter on July 6, 2016.
             Was a Believer of Okawaru.
             Demolished by a hill giant
             ... wielding a +0 giant spiked club
              (21 damage)
             ... on level 10 of the Dungeon.
             The game lasted 00:32:50 (11416 turns).

kobby the Blocker (Human Fighter)                  Turns: 11416, Time: 00:32:51

Health: -17/77     AC: 17    Str: 20 (21) XL:     10   Next: 70%
Magic:  11/11      EV:  6    Int:  7 (9)  God:    Okawaru [**....]
Gold:   649        SH: 11    Dex: 12 (13) Spells: 0 memorised, 9 levels left

rFire  . . .     SeeInvis .     a - +1 war axe
rCold  . . .     Gourm    .     o - +0 plate armour
rNeg   . . .     Faith    .     c - +0 shield
rPois  .         Spirit   .     d - +1 helmet
rElec  .         Dismiss  +     p - +0 cloak
rCorr  .         Reflect  .     (no gloves)
SustAt .         Harm     .     (no boots)
MR     .....                    u - amulet of dismissal
Stlth  ..........               (no ring)
                                (no ring)

@: not resistant to hostile enchantments, extremely unstealthy
A: strong 1
a: Heroism, Renounce Religion


You were on level 10 of the Dungeon.
You worshipped Okawaru.
Okawaru was pleased with you.
You were not hungry.

You visited 2 branches of the dungeon, and saw 11 of its levels.

You collected 649 gold pieces.

Inventory:

Hand Weapons
 a - a +1 war axe (weapon)
Armour
 b - a +0 scale mail
 c - a +0 shield (worn)
 d - a +1 helmet (worn)
 o - a +0 plate armour (worn)
 p - a +0 cloak (worn)
 E - the +1 robe "Bapteduq" {rPois Stlth+}
   (You found it on level 9 of the Dungeon)

   It protects you from poison.
   It makes you more stealthy.
Jewellery
 u - an amulet of dismissal (around neck)
 F - an uncursed ring of sustain attributes
Wands
 l - a wand of iceblast (0/15)
 t - a wand of hasting (4/9)
 x - a wand of digging (16/24)
 z - a wand of flame (18/48)
Scrolls
 i - 4 scrolls of remove curse
 r - 3 scrolls of enchant weapon
 B - 2 scrolls of blinking
Potions
 g - a potion of magic
 j - 2 potions of heal wounds
 k - a potion of cure mutation
 m - a potion of agility
 n - 4 potions of curing
 q - a potion of degeneration
 s - a potion of flight
Books
 y - a book of Unlife

   Spells                             Type                      Level
   a - Recall                         Summoning/Translocation      3
   b - Animate Dead                   Necromancy                   4
   c - Control Undead                 Necromancy                   4
   d - Cigotuvi's Embrace             Necromancy                   5
   e - Death Channel                  Necromancy                   6
   f - Simulacrum                     Ice/Necromancy               6
Comestibles
 f - 10 bread rations
 h - 3 meat rations


   Skills:
 + Level 6.8 Fighting
 + Level 7.1 Axes
 + Level 8.1 Armour
 + Level 4.0 Dodging
 + Level 1.0 Stealth
 + Level 8.3 Shields
 + Level 1.9 Evocations


You had 9 spell levels left.
You didn't know any spells.

Dungeon Overview and Level Annotations

Branches:
Dungeon (10/15)            Temple (1/1) D:6
   Lair: D:8-11         Orc: D:9-12

Altars:
Ashenzari
Cheibriados
Dithmenos
Elyvilon
Fedhas
Gozag
Kikubaaqudgha
Nemelex Xobeh
Okawaru
Ru
Sif Muna
Trog
Vehumet
Xom
Yredelemnul
The Shining One

Shops:
D:4 !

Annotations:
D:2 Sigmund
D:8 Erica


Innate Abilities, Weirdness & Mutations

Your muscles are strong. (Str +2)


Message History

The hill giant hits you but does no damage.
You hit the hill giant.
The hill giant is moderately wounded.
You block the hill giant's attack.
You slash the hill giant!
The hill giant is moderately wounded.
The hill giant hits you with a giant spiked club!
You barely miss the hill giant.
The hill giant is moderately wounded.
You block the hill giant's attack.
You barely miss the hill giant.
The hill giant is moderately wounded.
You hit the hill giant.
The hill giant is heavily wounded.
The hill giant hits you with a giant spiked club!!!
* * * LOW HITPOINT WARNING * * *
You slash the hill giant!
The hill giant is severely wounded.
The hill giant hits you with a giant spiked club!!
You die...

.......####### #......#####
.............# ###...........
.............#######..........###
..............................#
..............................#
..............................#
..........[...................#..
...................#######....#..
................@C.'....<'....#..
...................#.....#....#..
.............(.....#.....#....#..
..)##'####)#(##....#.....#....#..
...#.....)(..(#....#.....#....#.<
...#.....)))..#....#.....#....###
...#..........#....#.....#.......
...#..........#....#.....#.......
...########...#....#.....# ....


You could see a hill giant.

Vanquished Creatures
  A hill giant (D:10)
  A troll (D:9)
  A spriggan (D:8)
  2 wyverns (D:9)
  A hippogriff (D:4)
  A water moccasin (D:8)
  3 orc warriors
  Duvessa (D:6)
  3 ogres
  A phantom (D:7)
  3 sky beasts
  7 centaurs
  A big kobold (D:10)
  5 giant frogs
  Dowan (D:6)
  A scorpion (D:6)
  A howler monkey (D:6)
  A giant frog zombie (D:5)
  A crimson imp (D:7)
  2 centaur zombies (D:10)
  3 hounds
  5 orc wizards
  2 giant frog skeletons
  5 orc priests
  Crazy Yiuf (D:4)
  Jessica (D:2)
  A centaur skeleton (D:6)
  10 worker ants
  A killer bee zombie (D:6)
  A hound skeleton (D:7)
  2 worker ant zombies
  Robin (D:3)
  8 gnolls
  8 adders
  A howler monkey skeleton (D:4)
  A shadow imp (D:8)
  2 adder skeletons (D:4)
  2 worms
  3 dart slugs (D:1)
  8 giant geckos
  23 orcs
  6 giant cockroaches
  15 goblins
  10 hobgoblins
  3 jackals (D:9)
  13 kobolds
  4 quokkas
  2 ball pythons (D:2)
  6 bats
  A giant gecko skeleton (D:5)
  4 giant newts
  2 quokka skeletons
  6 rats
199 creatures vanquished.

Vanquished Creatures (others)
  An orc wizard (D:7)
1 creature vanquished.

Grand Total: 200 creatures vanquished

Notes
Turn   | Place    | Note
--------------------------------------------------------------
     0 | D:1      | kobby the Human Fighter began the quest for the Orb.
     0 | D:1      | Reached XP level 1. HP: 18/18 MP: 1/1
     6 | D:1      | Noticed a queen ant
     6 | D:1      | Noticed a giant leech
     6 | D:1      | Noticed an iguana
     7 | D:1      | Noticed a centaur
    45 | D:1      | Reached XP level 2. HP: 21/24 MP: 2/2
   173 | D:1      | Reached XP level 3. HP: 20/29 MP: 3/3
   445 | D:2      | Noticed Jessica
   450 | D:2      | Killed Jessica
   450 | D:2      | Reached skill level 1 in Dodging
   450 | D:2      | Reached XP level 4. HP: 32/35 MP: 4/4
  1089 | D:2      | Reached XP level 5. HP: 29/41 MP: 5/5
  1410 | D:2      | Noticed Sigmund
  1521 | D:3      | Noticed Robin
  1580 | D:3      | Killed Robin
  2244 | D:3      | Found an opulent altar of Gozag.
  2449 | D:4      | Reached XP level 6. HP: 39/48 MP: 6/6
  3163 | D:4      | Reached XP level 7. HP: 51/54 MP: 7/7
  3276 | D:4      | Noticed a hippogriff
  3290 | D:4      | Killed a hippogriff
  3823 | D:4      | Found Judofa's Distillery.
  4076 | D:4      | Noticed Crazy Yiuf
  4085 | D:4      | Killed Crazy Yiuf
  4353 | D:5      | Entered Level 5 of the Dungeon
  4578 | D:5      | Reached skill level 5 in Armour
  4626 | D:5      | Found a glowing golden altar of the Shining One.
  4627 | D:5      | Found a radiant altar of Vehumet.
  4627 | D:5      | Found a shattered altar of Ashenzari.
  4629 | D:5      | Found a shadowy altar of Dithmenos.
  4629 | D:5      | Found a white marble altar of Elyvilon.
  4631 | D:5      | Found a blossoming altar of Fedhas.
  4631 | D:5      | Found a snail-covered altar of Cheibriados.
  4632 | D:5      | Found a basalt altar of Yredelemnul.
  4651 | D:5      | Reached XP level 8. HP: 46/61 MP: 8/8
  4820 | D:6      | Reached skill level 5 in Shields
  5147 | D:6      | Noticed Dowan
  5148 | D:6      | Noticed Duvessa
  5178 | D:6      | Killed Duvessa
  5194 | D:6      | Killed Dowan
  5194 | D:6      | Reached skill level 5 in Fighting
  5241 | D:6      | Reached skill level 5 in Axes
  5655 | D:6      | Found a staircase to the Ecumenical Temple.
  5672 | Temple   | Entered the Ecumenical Temple
  5685 | Temple   | Became a worshipper of Warmaster Okawaru
  5811 | D:6      | Reached XP level 9. HP: 61/68 MP: 9/9
  5987 | D:7      | Reached skill level 1 in Evocations
  6556 | D:7      | Reached * piety under Okawaru
  7274 | D:8      | Noticed Erica
  7936 | D:8      | Reached ** piety under Okawaru
  8341 | D:9      | Reached XP level 10. HP: 76/76 MP: 11/11
  9347 | D:9      | Reached skill level 1 in Stealth
  9738 | D:9      | Got a distressingly furry robe
  9742 | D:9      | Identified the +1 robe "Bapteduq" {rPois Stlth+} (You found it on level 9 of the Dungeon)
 10065 | D:10     | Entered Level 10 of the Dungeon
 10156 | D:10     | Noticed a hill giant
 10169 | D:10     | Killed a hill giant
 10888 | D:10     | Reached *** piety under Okawaru
 11284 | D:10     | Gained mutation: Your muscles are strong. (Str +2) [potion of beneficial mutation]
 11403 | D:10     | Noticed a hill giant
 11416 | D:10     | Demolished by a hill giant

Skill      XL: |  1  2  3  4  5  6  7  8  9 10 |
---------------+-------------------------------+-----
Dodging        | 1 2 3 4 |  4.0
Shields        | 4 5 7 8 |  8.3
Armour         | 4 5 6 7 8 |  8.1
Axes           | 3 4 5 6 7 |  7.1
Fighting       | 4 5 6 |  6.8
Evocations     | 1 |  1.9
Stealth        | 1 |  1.0

Action                   |  1- 3 |  4- 6 |  7- 9 | 10-12 || total
-------------------------+-------+-------+-------+-------++-------
Melee: War axe           |    90 |   282 |   369 |   293 ||  1034
Evoke: Wand              |       |       |    11 |    10 ||    21
  Use: Potion            |       |     2 |     2 |     9 ||    13
       Scroll            |       |       |    12 |     3 ||    15
  Eat: Fruit             |       |    10 |     2 |       ||    12
       Pizza             |       |     1 |     6 |     2 ||     9
       Meat ration       |       |       |     2 |       ||     2
       Beef jerky        |       |       |       |     2 ||     2
       Royal jelly       |       |       |       |     1 ||     1
Armor: Scale mail        |    46 |   109 |    22 |       ||   177
       Plate armour      |       |       |   192 |   237 ||   429
Dodge: Dodged            |    43 |    90 |    75 |    57 ||   265
Block: Shield            |    40 |   152 |   229 |   189 ||   610
